 Dungeon Crawl Stone Soup version 0.27.1-4-g1640c2035a (webtiles) character file.

Game seed: 11420488384323733341

5110 Tinkle the Severer (level 10, -1/75 (81) HPs)
             Began as a Minotaur Berserker on Nov 5, 2021.
             Was an Elder of Trog.
             Slain by a two-headed ogre (7 damage)
             ... on level 9 of the Dungeon.
             The game lasted 00:21:59 (8495 turns).

Tinkle the Severer (Minotaur Berserker)             Turns: 8495, Time: 00:21:59

HP:   -1/75 (81)    AC: 14    Str: 26    XL:     10   Next: 32%
MP:   9/9           EV:  8    Int: 10    God:    Trog [****..]
Gold: 369           SH:  0    Dex:  9    Spells: 9/9 levels left

rFire    . . .     SeeInvis .   a - +0 war axe
rCold    . . .     Faith    .   (no shield)
rNeg     . . .     Spirit   .   q - +0 plate armour
rPois    .         Reflect  .   (helmet restricted)
rElec    .         Harm     .   (no cloak)
rCorr    .         Rampage  .   x - +1 pair of gloves {archery}
Will     .....                  (no boots)
Stlth    ..........             (no amulet)
HPRegen  0.22/turn              s - +6 ring of intelligence
MPRegen  0.11/turn              (no ring)

@: on berserk cooldown, drained
A: horns 2, retaliatory headbutt
a: Renounce Religion, Berserk, Trog's Hand, Brothers in Arms


You were on level 9 of the Dungeon.
You worshipped Trog.
Trog was greatly pleased with you.
You visited 1 branch of the dungeon, and saw 9 of its levels.
You also visited: Ossuary.

You collected 369 gold pieces.

Inventory:

Hand Weapons
 a - a +0 war axe (weapon)
 b - a +0 hand axe
Armour
 q - a +0 plate armour (worn)
 x - a +1 pair of gloves of archery (worn)
Jewellery
 s - a +6 ring of intelligence (left hand)
Wands
 d - a wand of mindburst (9)
 C - a wand of flame (20)
Scrolls
 c - 4 scrolls of teleportation {unknown}
 f - 2 scrolls of blinking {unknown}
 h - 2 scrolls of torment {unknown}
 j - 2 scrolls of vulnerability {unknown}
 l - a scroll of enchant weapon {unknown}
 m - 3 scrolls of noise {unknown}
 n - 2 scrolls of magic mapping {unknown}
 o - 3 scrolls of immolation {unknown}
 p - 3 scrolls of summoning {unknown}
 t - 2 scrolls of amnesia {unknown}
 u - a scroll of fog {unknown}
 w - 3 scrolls of fear {unknown}
 y - 2 scrolls of identify
Potions
 e - 3 potions of haste
 g - a potion of mutation
 i - a potion of brilliance
 k - a potion of flight
 r - 3 potions of attraction
 v - 2 potions of resistance
 z - a potion of ambrosia
 A - a potion of curing {unknown}
 B - a potion of heal wounds


   Skills:
 - Level 5.0 Fighting
 - Level 16.0 Axes
 + Level 5.0 Armour
 + Level 5.0 Dodging


You had 9 spell levels left.
You didn't know any spells.
Your spell library was empty.

Dungeon Overview and Level Annotations

Branches:
Dungeon (10/15)            Temple (0/1) D:7         Ossuary (visited)
   Lair: D:8-11         Orc: D:9-12

Altars:
Fedhas
Makhleb
Nemelex Xobeh
Sif Muna
Zin


Innate Abilities, Weirdness & Mutations

You have a pair of horns on your head.
You reflexively headbutt those who attack you in melee.


Message History

a +0 hand axe; an orc corpse The wight hits you but does no damage.
The wight completely misses you. You furiously retaliate!
You headbutt the wight! The wight hits you with a +4 battleaxe.
The wight barely misses you.
You hit the wight.
The wight is almost destroyed.
You closely miss the wight. The wight hits you with a +4 mace!
You feel drained. The wight barely misses you.
You slash the wight!
You destroy the wight!
Trog accepts your kill.
You hit the wight but do no damage. The wight hits you with a +4 mace.
The wight hits you but does no damage.
Training target 16.0 for Axes reached!
Your Axes skill increases to level 16!
You need to enable at least one skill for training.
A two-headed ogre comes into view.
It is wielding a +0 giant spiked club and a +0 giant club.
The two-headed ogre shouts in stereo!
The wight hits you but does no damage. The two-headed ogre barely misses you.
The two-headed ogre hits you with a +0 giant club!!
The wight hits you with a +4 mace.
You feel drained.
The two-headed ogre barely misses you. x2; The wight barely misses you.
The two-headed ogre hits you with a +0 giant spiked club!
The two-headed ogre hits you with a +0 giant club.
The wight hits you with a +4 mace!
* * * LOW HITPOINT WARNING * * *
You feel drained.
* * * LOW HITPOINT WARNING * * *
You feel yourself speed up. The wight hits you with a +4 mace!
* * * LOW HITPOINT WARNING * * *
There is a stone staircase leading down, spattered with blood here.
You can't go up here!
The two-headed ogre hits you with a +0 giant spiked club!
* * * LOW HITPOINT WARNING * * *
The two-headed ogre hits you with a +0 giant club!
You die...

.# .# #.# #####.#
##.....# ##......#
#...@...#
#..Ozz..#
#.......##
#####........##
..............##
..................
#####.........####
#.........#
#.........#


You could see a two-headed ogre and 2 wights.

Vanquished Creatures
  2 two-headed ogres
  Pikel (D:6)
  9 yaks
  A water moccasin (D:5)
  A hornet zombie (D:7)
  A sky beast (D:6)
  2 ice beasts
  2 ogres
  A centaur (D:3)
  2 lemures (D:6)
  A gnoll sergeant (D:5)
  3 scorpions
  A bullfrog (D:7)
  A water moccasin zombie (D:5)
  A water moccasin skeleton (D:4)
  A wight (D:9)
  5 centaur zombies
  2 bullfrog zombies (D:6)
  2 centaur skeletons (D:7)
  2 hounds
  2 jellies
  2 orc priests
  A bullfrog skeleton (D:6)
  An iguana (D:5)
  2 orc wizards
  A hound skeleton (D:4)
  7 mummies
  8 adders
  9 gnolls
  A shadow imp (D:6)
  A white imp (D:7)
  An ufetubus (D:6)
  An adder skeleton (D:4)
  5 dart slugs
  A worm (D:2)
  11 orcs
  8 ball pythons
  12 endoplasms
  2 giant cockroaches
  6 goblins
  5 hobgoblins
  3 jackals (D:1)
  6 kobolds
  A quokka (D:4)
  5 bats
  4 frilled lizards
  2 hobgoblin zombies (Ossuary)
  8 rats
157 creatures vanquished.

Notes
Turn   | Place    | Note
-------+----------+-------------------------------------------
     0 | D:1      | Tinkle the Minotaur Berserker began the quest for the Orb.
     0 | D:1      | Reached XP level 1. HP: 19/19 MP: 0/0
   414 | D:1      | Reached XP level 2. HP: 27/27 MP: 1/1
   547 | D:1      | Reached skill level 4 in Axes
   747 | D:1      | Reached XP level 3. HP: 33/33 MP: 2/2
   820 | D:1      | Reached ** piety under Trog
  1172 | D:2      | HP: 1/33 [poisoned by an adder]
  1324 | D:2      | Reached XP level 4. HP: 40/40 MP: 3/3
  1911 | D:3      | Noticed a centaur
  1920 | D:3      | Killed a centaur
  1921 | D:3      | Reached XP level 5. HP: 30/47 MP: 4/4
  2031 | D:3      | Found a shimmering blue altar of Sif Muna.
  2032 | D:3      | Found a burning altar of Makhleb.
  2034 | D:3      | Found a sparkling altar of Nemelex Xobeh.
  2128 | D:3      | Found a glowing silver altar of Zin.
  2303 | D:3      | Found a faded altar of an unknown god.
  2485 | D:4      | Reached skill level 5 in Fighting
  2485 | D:4      | Reached skill level 5 in Axes
  2638 | D:4      | Reached XP level 6. HP: 17/56 MP: 5/5
  3196 | D:4      | Noticed a yak
  3196 | D:4      | Noticed a yak
  3196 | D:4      | Noticed a yak
  3196 | D:4      | Noticed a yak
  3203 | D:4      | Killed a yak
  3204 | D:4      | Reached skill level 5 in Armour
  3208 | D:4      | Killed a yak
  3209 | D:4      | Reached skill level 6 in Axes
  3209 | D:4      | Reached skill level 5 in Dodging
  3209 | D:4      | Reached XP level 7. HP: 61/61 MP: 6/6
  3212 | D:4      | Killed a yak
  3213 | D:4      | Reached skill level 7 in Axes
  3216 | D:4      | Killed a yak
  3217 | D:4      | Reached skill level 8 in Axes
  3586 | D:5      | Entered Level 5 of the Dungeon
  3604 | D:5      | Found a sand-covered staircase.
  3613 | Ossuary  | Entered an ossuary
  3784 | Ossuary  | Reached *** piety under Trog
  3785 | Ossuary  | Reached skill level 9 in Axes
  3785 | Ossuary  | Reached XP level 8. HP: 64/68 MP: 7/7
  4381 | D:5      | Reached skill level 10 in Axes
  5038 | D:6      | Reached skill level 11 in Axes
  5241 | D:6      | Noticed Pikel
  5251 | D:6      | Killed Pikel
  5252 | D:6      | Reached skill level 12 in Axes
  5252 | D:6      | Reached XP level 9. HP: 74/74 MP: 8/8
  5591 | D:6      | Reached skill level 13 in Axes
  5694 | D:6      | Reached **** piety under Trog
  6138 | D:6      | Reached skill level 14 in Axes
  6429 | D:6      | Found a blossoming altar of Fedhas.
  7543 | D:7      | Found a staircase to the Ecumenical Temple.
  7592 | D:7      | Noticed a two-headed ogre
  7603 | D:7      | Killed a two-headed ogre
  7604 | D:7      | Reached skill level 15 in Axes
  7604 | D:7      | Reached XP level 10. HP: 15/81 MP: 9/9
  8397 | D:7      | You fall into a shaft and drop 3 floors!
  8397 | D:10     | Entered Level 10 of the Dungeon
  8459 | D:9      | Noticed a two-headed ogre
  8463 | D:9      | Killed a two-headed ogre
  8484 | D:9      | Reached skill level 16 in Axes
  8484 | D:9      | Noticed a two-headed ogre
  8495 | D:9      | Slain by a two-headed ogre

Illustrated notes

Levels and vault maps discovered:
D:1:      zaba_arrival_water, layout_basic, minmay_crystal_room,
          minmay_split_cup_large
D:2:      layout_rooms, minmay_tripent
D:3:      layout_rooms, zin_academy, gammafunk_temple_overflow_forgotten,
          shapermc_ecumenical_altar_petra
D:4:      layout_rooms, grunt_ministairs_1
D:5:      layout_basic, gup_ossuary_entry_pyramid
D:6:      layout_cave_pools, mainiacjoe_overflow_boulevard, uniq_pikel
D:7:      layout_basic, minmay_temple_entry_glass, bh_walls_and_bars
D:9:      layout_rooms, erik_orc_1, minivault_16, grunt_ministairs_11
D:10:     minmay_the_grid_square_5x5_3x3 [minmay_the_grid_square_5x5_two_small,
          minmay_the_grid_square_5x5_n, minmay_the_grid_square_5x5_inset,
          minmay_the_grid_square_5x5_minivault,
          minmay_the_grid_square_5x5_megaprize_open,
          minmay_the_grid_square_5x5_six_small,
          minmay_the_grid_square_5x5_two_walls_b,
          minmay_the_grid_square_5x5_intrusive_squares,
          minmay_the_grid_square_5x5_z], layout_basic, lemuel_crystal_altar,
          mainiacjoe_overflow_brackets, gammafunk_ghost_ooze

Skill      XL: |  1  2  3  4  5  6  7  8  9 10 |
---------------+-------------------------------+-----
Fighting       | 4 5 |  5.0
Axes           | 4 5 6 9 12 15 16 | 16.0
Armour         | 3 4 5 |  5.0
Dodging        | 3 4 5 |  5.0

Action                   |  1- 3 |  4- 6 |  7- 9 | 10-12 || total
-------------------------+-------+-------+-------+-------++-------
Melee: Hand axe          |     8 |       |       |       ||     8
       War axe           |    63 |    85 |   221 |    31 ||   400
       Headbutt          |     8 |    11 |    54 |     6 ||    79
Invok: Berserk           |       |     1 |     2 |     1 ||     4
  Use: Potion            |     1 |       |     1 |       ||     2
       Scroll            |       |       |     7 |       ||     7
Armor: Scale mail        |    34 |    13 |       |       ||    47
       Plate armour      |       |    54 |   135 |    13 ||   202
Dodge: Dodged            |    48 |    36 |    87 |    19 ||   190
